 Dungeon Crawl Stone Soup version 0.20.1-1-g8b1a95d (webtiles) character file.

123 empire the Sneak (level 5, -5/35 HPs)
             Began as a Halfling Fighter on Oct 4, 2017.
             Slain by an iguana (7 damage)
             ... on level 4 of the Dungeon.
             The game lasted 00:04:33 (2064 turns).

empire the Sneak (Halfling Fighter)                 Turns: 2064, Time: 00:04:34

Health: -5/35      AC:  6    Str: 18    XL:     5   Next: 29%
Magic:  5/5        EV:  9    Int:  6    God:
Gold:   136        SH:  9    Dex: 14    Spells: 4/4 levels left

rFire    . . .     SeeInvis .   a - +0 rapier
rCold    . . .     Gourm    .   c - +0 shield
rNeg     . . .     Faith    .   b - +0 scale mail
rPois    .         Spirit   .   (no helmet)
rElec    .         Reflect  .   (no cloak)
rCorr    .         Harm     .   (no gloves)
MR       .....                  (no boots)
Stlth    +.........             m - amulet of magic regeneration
Regen    0.2/turn               (no ring)
MPRegen  0.2/turn               (no ring)

@: no status effects
A: mutation resistance 1
a: no special abilities


You were on level 4 of the Dungeon.
You were hungry.

You visited 1 branch of the dungeon, and saw 4 of its levels.

You collected 188 gold pieces.
You spent 52 gold pieces at shops.

Inventory:

Hand Weapons
 a - a +0 rapier (weapon)
Armour
 b - a +0 scale mail (worn)
 c - a +0 shield (worn)
Jewellery
 m - an amulet of magic regeneration (around neck)
Scrolls
 e - a scroll of amnesia {unknown}
 g - a scroll of identify {unknown}
 i - 3 scrolls of remove curse {unknown}
 n - 2 scrolls of immolation {unknown}
 q - a scroll of teleportation {unknown}
 r - a scroll of noise {unknown}
Potions
 d - a potion of might
 h - a potion of ambrosia {unknown}
 k - 2 potions of heal wounds {unknown}
 l - a potion of cancellation {unknown}
 o - 3 potions of curing {unknown}
Comestibles
 f - 3 bread rations
 j - a meat ration


   Skills:
 - Level 2.6 Fighting
 - Level 4.1 Short Blades
 - Level 3.2 Armour
 + Level 4.3 Stealth
 - Level 3.2 Shields


You had 4 spell levels left.
You didn't know any spells.

Dungeon Overview and Level Annotations

Branches:
Dungeon (4/15)
 Temple: D:4-7

Altars:
Sif Muna
Trog

Shops:
D:4 =


Innate Abilities, Weirdness & Mutations

You are small and have problems with some larger weapons.
You are somewhat resistant to further mutation.


Message History

The iguana bites you.
* * * LOW HITPOINT WARNING * * *
You hit the iguana.
The iguana is severely wounded.
The iguana completely misses you.
You hit the iguana but do no damage.
The iguana is severely wounded.
You block the iguana's attack.
You hit the iguana.
The iguana is severely wounded.
The iguana bites you!
* * * LOW HITPOINT WARNING * * *
You hit the iguana but do no damage.
The iguana is severely wounded.
You block the iguana's attack.
Unknown command.
You hit the iguana but do no damage.
The iguana is severely wounded.
The iguana bites you!
You die...

... ..# #.# ..# #.#
.. #†# #.# #.#
#..###############.#
......##........@lZ#
# #.#.......########
#..###....#
###.##..####
#......## #.##.###
##.##.# ...##.#
#####.#


You could see an iguana and a hound skeleton.

Vanquished Creatures
  6 adders
  An ooze (D:4)
  3 dart slugs
  2 leopard geckos (D:1)
  3 orcs (D:4)
  A ball python (D:4)
  A giant cockroach (D:1)
  5 hobgoblins
  2 jackals (D:4)
  7 bats
  8 frilled lizards
  10 goblins
  8 kobolds
  4 rats
61 creatures vanquished.

Notes
Turn   | Place    | Note
-------+----------+-------------------------------------------
     0 | D:1      | empire the Halfling Fighter began the quest for the Orb.
     0 | D:1      | Reached XP level 1. HP: 15/15 MP: 1/1
    28 | D:1      | Reached XP level 2. HP: 20/20 MP: 2/2
   243 | D:1      | Reached XP level 3. HP: 19/25 MP: 3/3
   789 | D:2      | Reached skill level 1 in Stealth
   949 | D:2      | Reached XP level 4. HP: 24/30 MP: 4/4
  1553 | D:3      | Reached XP level 5. HP: 35/35 MP: 5/5
  1890 | D:4      | Found a bloodstained altar of Trog.
  1903 | D:4      | Found a deep blue altar of Sif Muna.
  1981 | D:4      | Found Rolit's Jewellery Shop.
  1985 | D:4      | Bought a cursed amulet of inaccuracy for 26 gold pieces
  1985 | D:4      | Bought a cursed -4 ring of evasion for 26 gold pieces
  2064 | D:4      | Slain by an iguana

Skill      XL: |  1  2  3  4  5 |
---------------+----------------+-----
Short Blades   | 3 4 |  4.1
Stealth        | 2 3 4 |  4.3
Fighting       | |  2.6
Armour         | |  3.2
Shields        | |  3.2

Action                   |  1- 3 |  4- 6 || total
-------------------------+-------+-------++-------
Melee: Rapier            |   104 |   109 ||   213
 Stab: Sleeping          |       |     1 ||     1
  Eat: Chunk             |       |     3 ||     3
Armor: Scale mail        |    39 |    34 ||    73
Dodge: Dodged            |    34 |    34 ||    68
Block: Shield            |    66 |    60 ||   126
